 Dungeon Crawl Stone Soup version 0.31-a0-636-ge1c0e020e0 (webtiles) character file.

Game seed: 572613688603448286

336 AtlasWard the Slasher (level 6, -3/56 HPs)
             Began as a Draconian Berserker on Aug 27, 2023.
             Was a Believer of Trog.
             Killed from afar by Dowan (15 damage)
             ... with a stone arrow
             ... on level 4 of the Dungeon.
             The game lasted 00:05:29 (2639 turns).

AtlasWard the Slasher (Draconian Berserker)         Turns: 2639, Time: 00:05:29

Health: -3/56      AC:  9    Str: 19    XL:     6   Next: 28%
Magic:  6/6        EV: 12    Int:  7    God:    Trog [**....]
Gold:   19         SH:  0    Dex: 13    Spells: 5/5 levels left

rFire   . . .        a - +0 falchion
rCold   . . .        (no shield)
rNeg    . . .        (body armour unavailable)
rPois   +            (helmet restricted)
rElec   .            m - +2 cloak {rPois}
rCorr   .            (no gloves)
SInv    .            (no boots)
Will    .....        (no amulet)
Stlth   +            (no ring)
HPRegen 0.29/turn    (no ring)
MPRegen 0.10/turn

%: no passive effects
@: on berserk cooldown
A: AC +6, unfitting armour, cold-blooded
a: Renounce Religion, Berserk, Trog's Hand


You were on level 4 of the Dungeon.
You worshipped Trog.
Trog was pleased with you.
You visited 1 branch of the dungeon, and saw 4 of its levels.

You collected 211 gold pieces.
You spent 192 gold pieces at shops.

Inventory:

Hand Weapons
 a - a +0 falchion (weapon)
 n - a +2 quarterstaff of chaos
Missiles
 d - 6 javelins
Armour
 m - a +2 cloak of poison resistance (worn)
Wands
 l - a wand of flame (12)
Scrolls
 b - 5 scrolls of identify {unknown}
 c - 2 scrolls of revelation {unknown}
 e - a scroll of amnesia {unknown}
 k - 2 scrolls of enchant weapon {unknown}
 q - a scroll of teleportation {unknown}
 r - a scroll of enchant armour {unknown}
Potions
 f - 2 potions of heal wounds
 g - 3 potions of brilliance {unknown}
 h - a potion of resistance {unknown}
 i - a potion of enlightenment {unknown}
 o - a potion of mutation
 p - a potion of lignification {unknown}


   Skills:
 + Level 5.2 Fighting
 * Level 6.0 Long Blades
 - Level 2.6 Dodging


You had 5 spell levels left.
You didn't know any spells.
Your spell library was empty.

Dungeon Overview and Level Annotations

Branches:
Dungeon (4/15)
 Temple: D:4-7

Altars:
Ru

Shops:
D:3 !

Annotations:
D:4 Dowan


Innate Abilities, Weirdness & Mutations

Your plain brown scales are hard. (AC +6)
You cannot fit into any form of body armour.
You are cold-blooded and may be slowed by cold attacks.


Message History

Dowan casts a spell at you. The stone arrow hits you.
* * * LOW HITPOINT WARNING * * *
Dowan closely misses you.
Dowan hits you with a +0 dagger of venom.
* * * LOW HITPOINT WARNING * * *
You feel much better. Dowan hits you but does no damage.
Dowan barely misses you.
Unknown command.
Unknown command.
You hit Dowan.
Dowan is heavily wounded.
Dowan hits you but does no damage. Dowan completely misses you.
You closely miss Dowan.
Your tail-slap misses Dowan.
Dowan is heavily wounded.
Dowan casts a spell at you. The stone arrow misses you.
Dowan closely misses you.
Dowan casts a spell.
Dowan blinks!
You feel yourself speed up.
Dowan says, "Magic will overcome all!"
Dowan barely misses you.
You barely miss Dowan.
Dowan is heavily wounded.
Dowan hits you but does no damage.
Dowan hits you with a +0 dagger of venom.
You hit Dowan.
Dowan is heavily wounded.
Dowan hits you with a +0 dagger of venom.
You hit Dowan.
Dowan is severely wounded.
Dowan closely misses you. Dowan casts a spell at you. The stone arrow hits you!
* * * LOW HITPOINT WARNING * * *
You hit Dowan.
Dowan is almost dead.
Dowan gestures at you while chanting. The stone arrow hits you!
You die...

#.......................####
#.............#######.......
#.............# #.......
#.......##'##.# #.......
........#.....# +#+##.......
........#....)#....⌠#.......
........#.....'....8#.......
........#.....#....⌠#.......
........#..@..#######)...###
........#..e.............#..
.#####+##....#.<....#....'..
#....##.....#....#..
#....##.....#....#..
#######.....#....#..
...........#....+..
....##..####....### . #'###
###.[..#


You could see Dowan (fast).

Vanquished Creatures
  Duvessa (D:4)
  A scorpion (D:4)
  Crazy Yiuf (D:3)
  2 orc wizards (D:3)
  3 adders (D:2)
  A dart slug (D:3)
  8 orcs (D:3)
  6 bats
  4 endoplasms
  2 giant cockroaches (D:1)
  5 hobgoblins (D:2)
  7 jackals (D:1)
  3 kobolds (D:1)
  2 quokkas (D:1)
  6 ball pythons
  3 frilled lizards
  7 goblins
  5 rats
67 creatures vanquished.

Notes
Turn   | Place    | Note
-------+----------+-------------------------------------------
     0 | D:1      | AtlasWard the Draconian Berserker began the quest for the
                  | Orb.
     0 | D:1      | Reached XP level 1. HP: 19/19 MP: 1/1
    47 | D:1      | Reached XP level 2. HP: 12/26 MP: 2/2
   379 | D:1      | You fall into a shaft and drop 1 floor!
   466 | D:1      | Reached XP level 3. HP: 33/33 MP: 3/3
   667 | D:2      | Found a sacrificial altar of Ru.
   701 | D:2      | Reached skill level 4 in Long Blades
   726 | D:2      | Reached ** piety under Trog
   951 | D:2      | Found a faded altar of an unknown god.
   994 | D:2      | Reached XP level 4. HP: 39/40 MP: 4/4
  1375 | D:3      | Reached XP level 5. HP: 31/47 MP: 5/5
  1377 | D:3      | Reached skill level 5 in Long Blades
  1544 | D:3      | Found Miv Sucrum's Distillery.
  1549 | D:3      | Bought a potion of heal wounds for 60 gold pieces
  1549 | D:3      | Bought a potion of curing for 36 gold pieces
  1886 | D:3      | Found a runed translucent door.
  1887 | D:3      | Noticed Crazy Yiuf
  2129 | D:3      | Killed Crazy Yiuf
  2214 | D:3      | Bought a potion of mutation for 96 gold pieces
  2598 | D:4      | Noticed Duvessa
  2598 | D:4      | Noticed Dowan
  2613 | D:4      | Killed Duvessa
  2614 | D:4      | Reached skill level 5 in Fighting
  2614 | D:4      | Reached skill level 6 in Long Blades
  2614 | D:4      | Reached XP level 6. HP: 56/56 MP: 6/6
  2639 | D:4      | Killed from afar by Dowan

Illustrated notes

Levels and vault maps discovered:
D:1:      wander_arrival_peaceful_grave, layout_rooms
D:2:      layout_basic, basic_altar, hellmonk_ecumenical_altar_inner_sanctum
D:3:      layout_basic, serial_shops, nicolae_shop_just_a_little_nook,
          uniq_crazy_yiuf_cottage
D:4:      dreamdust_elfheim, layout_gridville, kennysheep_generic_room_3,
          uniq_eustachio

Skill      XL: |  1  2  3  4  5 |
---------------+----------------+-----
Long Blades    | 4 6 |  6.0
Fighting       | 4 5 |  5.2
Dodging        | |  2.6

Action                     |  1- 3 |  4- 6 || total
---------------------------+-------+-------++-------
  Melee: Falchion          |   118 |   124 ||   242
         Tailslap          |     6 |    14 ||    20
 Invoke: Berserk           |       |     3 ||     3
         Trog's Hand       |       |     1 ||     1
    Use: Potion            |       |     4 ||     4
 Armour: Skin              |    28 |    47 ||    75
  Dodge: Dodged            |    96 |    54 ||   150

Table legend: (Time is in decaauts)
 A = Elapsed time spent in this place.
 B = Non-inter-level travel time spent in this place.
 C = Inter-level travel time spent in this place.
 D = Time resting spent in this place.
 E = Time spent auto-exploring this place.
 F = Levels seen in this place.
 G = Mean time per level.
                   A        B        C        D        E       F      G
               +--------+--------+--------+--------+--------+-----+--------+
         Total |   2688 |   2549 |    139 |      0 |   2008 |   4 |  672.0 |
       Dungeon |   2688 |   2549 |    139 |      0 |   2008 |   4 |  672.0 |
               +--------+--------+--------+--------+--------+-----+--------+

Top non-repeatable levels by time:
     D:3: 1042 daAuts
     D:2: 627 daAuts
     D:1: 608 daAuts
     D:4: 410 daAuts
